 Dungeon Crawl Stone Soup version 0.25-a0-566-g062765be81 (webtiles) character file.

Game seed: 7660335127694463095, levelgen mode: deterministic

8573 Flugslaktarn the Cleaver (level 11, -4/100 HPs)
             Began as a Deep Dwarf Fighter on Feb 28, 2020.
             Was an Initiate of Makhleb.
             Slain by a shadow (14 damage)
             ... on level 10 of the Dungeon.
             The game lasted 00:04:59 (6258 turns).

Flugslaktarn the Cleaver (Deep Dwarf Fighter)       Turns: 6258, Time: 00:04:59

Health: -4/100     AC: 12    Str: 22    XL:     11   Next: 11%
Magic:  5/5        EV:  7    Int: 10    God:    Makhleb [......]
Gold:   170        SH: 12    Dex: 12    Spells: 10/10 levels left

rFire    . . .     SeeInvis .   p - +9 broad axe "Hellblazer" {pain, +Blink rN++ Stlth-}
rCold    . . .     Gourm    .   c - +1 kite shield
rNeg     + + .     Faith    .   h - +0 chain mail
rPois    .         Spirit   .   z - +0 helmet
rElec    .         Reflect  .   s - +2 cloak {MR+}
rCorr    .         Harm     .   (no gloves)
MR       ++...                  (no boots)
Stlth    ..........             (no amulet)
HPRegen  0.00/turn              (no ring)
MPRegen  0.09/turn              (no ring)

@: corroded, non-regenerating
A: damage resistance, heal wounds, sense surroundings 2, no regeneration
a: Heal Wounds, Renounce Religion, Evoke Blink


You were on level 10 of the Dungeon.
You worshipped Makhleb.
Makhleb was noncommittal.
You were not hungry.

You visited 2 branches of the dungeon, and saw 11 of its levels.

You collected 422 gold pieces.
You spent 252 gold pieces at shops.

Inventory:

Hand Weapons
 a - a +0 war axe
 b - a +1 hand axe of flaming
   (You took it off an orc priest on level 6 of the Dungeon)
 p - the +9 broad axe "Hellblazer" (weapon) {pain, +Blink rN++ Stlth-}
   (You bought it in a shop on level 5 of the Dungeon)

   In the hands of one skilled in necromantic magic, it inflicts extra damage on
   living creatures.
   It greatly protects you from negative energy.
   It lets you blink.
   It makes you less stealthy.
Armour
 c - a +1 kite shield (worn)
 h - a +0 chain mail (worn)
   (You took it off an orc on level 6 of the Dungeon)
 s - a +2 cloak of magic resistance (worn)
   (You found it on level 8 of the Dungeon)
 z - a +0 helmet (worn)
   (You found it on level 9 of the Dungeon)
Jewellery
 m - an uncursed ring of protection from fire {unknown}
   (You found it on level 7 of the Dungeon)
 u - an uncursed ring of see invisible {unknown}
   (You found it on level 8 of the Dungeon)
 A - an uncursed ring of positive energy {unknown}
   (You found it on level 9 of the Dungeon)
Wands
 k - a wand of iceblast (3)
   (You found it on level 8 of the Dungeon)
 v - a wand of digging (6)
   (You found it on level 9 of the Dungeon)
Scrolls
 o - a scroll of immolation {unknown}
 r - 2 scrolls of identify
 t - 3 scrolls of teleportation
 w - a scroll of fog {unknown}
 y - a scroll of silence {unknown}
 B - 2 scrolls of remove curse {unknown}
 C - a scroll of enchant armour
 D - a scroll of magic mapping
 E - a scroll of noise {unknown}
Potions
 d - 3 potions of might
 f - a potion of magic
 g - 3 potions of ambrosia {unknown}
 i - 2 potions of flight
 j - a potion of lignification {unknown}
 l - a potion of berserk rage
 n - a potion of resistance
 x - a potion of mutation
Comestibles
 e - 14 rations
 q - 15 chunks of flesh


   Skills:
 + Level 7.6 Fighting
 * Level 11.9 Axes
 + Level 9.1 Armour
 + Level 9.1 Shields
 + Level 1.9 Invocations


You had 10 spell levels left.
You didn't know any spells.
Your spell library was empty.

Dungeon Overview and Level Annotations

Branches:
Dungeon (10/15)            Temple (1/1) D:7            Lair (0/6) D:9
    Orc: D:9-12

Altars:
Ashenzari
Cheibriados
Dithmenos
Elyvilon
Fedhas
Gozag
Hepliaklqana
Kikubaaqudgha
Makhleb
Nemelex Xobeh
Okawaru
Qazlal
Ru
Sif Muna
Trog
Uskayaw
Vehumet
Wu Jian
Xom
Yredelemnul
Zin
The Shining One

Shops:
D:5 (%:*[

Annotations:
D:5 3 runed translucent doors, Flugslaktarn's ghost, amateur DDFi
D:7 3 runed translucent doors, baljet's ghost, novice GnCK; srslyguys's ghost, journeyman DrAs


Innate Abilities, Weirdness & Mutations

You are resistant to damage.
You can heal yourself by infusing magical energy.
You passively map the area around you.
You do not regenerate.


Message History

You closely miss something. The deep troll earth mage bites you!
The deep troll earth mage claws you!
* * * LOW HITPOINT WARNING * * *
The deep troll earth mage claws you but does no damage.
The acid dragon spits acid at you. The splash of acid hits you.
* * * LOW HITPOINT WARNING * * *
The acid corrodes you!
You are splashed with acid!
* * * LOW HITPOINT WARNING * * *
The shadow strikes at you from the darkness!
The hippogriff bites you.
The hippogriff pecks you but does no damage.
The hippogriff claws you but does no damage.
You feel much better. The deep troll earth mage bites you!!
* * * LOW HITPOINT WARNING * * *
The deep troll earth mage claws you but does no damage.
The deep troll earth mage claws you.
* * * LOW HITPOINT WARNING * * *
The shadow strikes at you from the darkness!
You die...

#.......#,#!#..###
, , .
...#....#D#/#....#
, ..,
#....#..$#..### ,,
...,###...#..(#...#
....#...#.#..?#...#
,
........#.##.##..##
,*
.....#....D.)...##
,*
,.....#...HuT.####
#...,#<...@{.# , ,
#............# *,
...##.#...#...# * ,
!.###..##### * ,,
... #...# , ....
##..# ##. #### , ##
, * ** *


You could see a red ugly thing, a deep troll earth mage, a hippogriff and an
acid dragon.

Vanquished Creatures
  A two-headed ogre (D:10)
  Pikel (D:9)
  An ugly thing (D:8)
  A centaur zombie (D:10)
  Maggie (D:8)
  A hippogriff (D:10)
  Prince Ribbit (D:8)
  Sigmund (D:5)
  A spriggan (D:7)
  A wyvern (D:9)
  Edmund (D:4)
  A hungry ghost (D:7)
  3 wargs (D:9)
  2 acid dragons (D:8)
  A water moccasin (D:7)
  2 orc warriors
  4 sky beasts
  4 ice beasts
  2 slaves (D:9)
  3 ogres
  A phantom (D:9)
  4 centaurs
  3 big kobolds
  A crocodile (D:8)
  Blork the orc (D:5)
  A gnoll sergeant (D:9)
  5 bullfrogs
  A wyvern skeleton (D:8)
  2 scorpions
  6 killer bees (D:7)
  4 wights (D:9)
  4 howler monkeys
  6 crimson imps
  A bullfrog zombie (D:6)
  A quasit (D:9)
  A jelly (D:5)
  8 orc priests
  A hound (D:3)
  8 orc wizards
  3 centaur skeletons
  An iron imp (D:8)
  3 bullfrog skeletons
  An iguana (D:10)
  6 worker ants
  A hound zombie (D:5)
  A howler monkey zombie (D:8)
  12 gnolls
  9 adders
  2 howler monkey skeletons
  7 shadow imps
  2 adder skeletons
  A worm (D:3)
  2 leopard geckos (D:9)
  37 orcs
  2 giant cockroaches
  4 goblins
  3 hobgoblins
  16 jackals
  3 quokkas
  A ball python (D:4)
  2 bats (D:3)
  3 frilled lizards
  2 goblin skeletons (D:8)
  2 goblin zombies (D:8)
  3 hobgoblin zombies (D:8)
  8 kobolds
  A kobold zombie (D:8)
  An orc skeleton (D:8)
  An orc zombie (D:8)
  A rat (D:3)
233 creatures vanquished.

Vanquished Creatures (others)
  Maurice (D:8)
  A slave (D:9)
  A withered plant (D:7)
3 creatures vanquished.

Grand Total: 236 creatures vanquished

Notes
Turn   | Place    | Note
-------+----------+-------------------------------------------
     0 | D:1      | Flugslaktarn the Deep Dwarf Fighter began the quest for the
                  | Orb.
     0 | D:1      | Reached XP level 1. HP: 20/20 MP: 1/1
   175 | D:3      | Reached XP level 2. HP: 27/27 MP: 2/2
   215 | D:3      | Reached skill level 3 in Axes
   215 | D:3      | Reached XP level 3. HP: 26/34 MP: 3/3
   281 | D:4      | Noticed Edmund
   300 | D:4      | Killed Edmund
   300 | D:4      | Reached skill level 4 in Axes
   300 | D:4      | Reached XP level 4. HP: 42/42 MP: 4/4
   300 | D:4      | Reached XP level 5. HP: 49/49 MP: 5/5
   708 | D:4      | Noticed an ogre
   717 | D:4      | Killed an ogre
   717 | D:4      | Reached XP level 6. HP: 41/57 MP: 5/5
   905 | D:5      | Entered Level 5 of the Dungeon
   912 | D:5      | Found Kianaab's Assorted Antiques.
   923 | D:5      | Reached skill level 5 in Axes
   943 | D:5      | Found Xyicok's Antique Armour Shop.
   951 | D:5      | Found Nusialuk's Book Shoppe.
  1022 | D:5      | Reached XP level 7. HP: 31/64 MP: 5/5
  1101 | D:5      | Noticed Blork the orc
  1124 | D:5      | Killed Blork the orc
  1124 | D:5      | Reached skill level 5 in Armour
  1137 | D:5      | Found Qevviuwn's Antique Weapon Boutique.
  1148 | D:5      | Found Xayss's Food Emporium.
  1164 | D:5      | Found a runed translucent gate.
  1164 | D:5      | Found a runed translucent gate.
  1164 | D:5      | Found a runed translucent gate.
  1324 | D:5      | Noticed Sigmund
  1334 | D:5      | Killed Sigmund
  1334 | D:5      | Reached skill level 6 in Axes
  1334 | D:5      | Reached skill level 5 in Shields
  1346 | D:5      | Found a white marble altar of Elyvilon.
  1364 | D:5      | Noticed Flugslaktarn's ghost (amateur DDFi)
  2077 | D:6      | Found a hide-covered altar of Uskayaw.
  2112 | D:6      | Reached XP level 8. HP: 41/73 MP: 6/6
  2184 | D:6      | Reached skill level 7 in Axes
  2662 | D:7      | Reached skill level 5 in Fighting
  2677 | D:7      | Reached skill level 8 in Axes
  2725 | D:7      | Found an opulent altar of Gozag.
  2770 | D:7      | Gained mutation: You passively map the area around you.
                  | [Deep Dwarf growth]
  2770 | D:7      | Reached XP level 9. HP: 38/81 MP: 7/7
  2823 | D:7      | Found a staircase to the Ecumenical Temple.
  2838 | Temple   | Entered the Ecumenical Temple
  3217 | D:7      | Reached skill level 9 in Axes
  3248 | D:7      | Found a runed translucent gate.
  3249 | D:7      | Found a runed translucent gate.
  3250 | D:7      | Found a runed translucent gate.
  3251 | D:7      | Noticed srslyguys's ghost (journeyman DrAs)
  3251 | D:7      | Noticed baljet's ghost (novice GnCK)
  3273 | D:7      | Found an iron altar of Okawaru.
  3273 | D:7      | Found an ancient bone altar of Kikubaaqudgha.
  3278 | D:7      | Found a bloodstained altar of Trog.
  3280 | D:7      | Found a blossoming altar of Fedhas.
  3282 | D:7      | Found a basalt altar of Yredelemnul.
  3533 | D:5      | Bought an ancient broad axe for 252 gold pieces
  3533 | D:5      | Identified the +9 broad axe "Hellblazer" {pain, +Blink rN++
                  | Stlth-} (You bought it in a shop on level 5 of the Dungeon)
  3601 | D:8      | Noticed Maggie
  3604 | D:8      | Found a glowing golden altar of the Shining One.
  3618 | D:8      | Killed Maggie
  3784 | D:8      | Noticed Maurice
  3807 | D:8      | Killed Maurice
  4096 | D:8      | Reached skill level 10 in Axes
  4140 | D:8      | Noticed a cyan ugly thing
  4162 | D:8      | Killed a cyan ugly thing
  4162 | D:8      | Reached XP level 10. HP: 45/92 MP: 5/5
  4434 | D:8      | Noticed Prince Ribbit
  4446 | D:8      | Killed Prince Ribbit
  4773 | D:9      | Found a staircase to the Lair.
  4834 | D:9      | Noticed Pikel
  4850 | D:9      | Reached skill level 11 in Axes
  4857 | D:9      | Killed Pikel
  5766 | D:3      | Found a burning altar of Makhleb.
  5829 | D:3      | Became a worshipper of Makhleb the Destroyer
  5994 | D:10     | Entered Level 10 of the Dungeon
  6098 | D:10     | Reached XP level 11. HP: 80/100 MP: 4/4
  6156 | D:10     | Reached skill level 1 in Invocations
  6208 | D:10     | Noticed a two-headed ogre
  6215 | D:10     | Killed a two-headed ogre
  6230 | D:10     | Noticed a deep troll earth mage
  6230 | D:10     | Noticed a red ugly thing
  6258 | D:10     | Slain by a shadow

Levels and vault maps discovered:
D:1:      matt_arrival_refuge, layout_basic, hangedman_decor_lopped
D:2:      layout_basic, serial_bayou, serial_bayou_shore_a,
          serial_bayou_shore_b, serial_bayou_shore_b, serial_bayou_crossing,
          serial_bayou_pond_b, serial_bayou_lagoon_a
D:3:      layout_basic, makhleb_blood_cavern_becter, grunt_ministairs_5,
          uniq_grinder
D:4:      layout_cave_pods, uniq_edmund
D:5:      layout_layer_cave, kennysheep_mini_moat, serial_shops, shop,
          nicolae_shop_behind_doors, shop, nicolae_shop_statue_plus,
          nicolae_shop_behind_doors, gammafunk_ghost_icy, first_ration,
          minivault_25, uniq_sigmund, uniq_blork_the_orc
D:6:      layout_loops_ring, eat_drink_and_be_merry_uskayaw, lemuel_old_faithful
D:7:      layout_cave_pools, chequers_temple_overflow_minitemple,
          nicolae_gozag_seed_capital, minmay_temple_entry_antechambers,
          gammafunk_ghost_cemetery, the_bakery
D:8:      minmay_the_grid_triangle_9x9_recursive_2
          [minmay_the_grid_triangle_9x9_prize_top_heavy,
          minmay_the_grid_triangle_9x9_descending_squares,
          minmay_the_grid_triangle_9x9_cache,
          minmay_the_grid_triangle_9x9_impossible_snake], layout_layer_cave,
          nicolae_tso_besieged_by_evil, uniq_maggie, uniq_prince_ribbit1,
          uniq_maurice
D:9:      layout_basic, erik_lair_orcish_takeover, uniq_pikel
D:10:     layout_cave_pools, onia_ninara_dug_in_and_dangerous, uniq_psyche
Temple:   hc_temple_tempest_star

Skill      XL: |  1  2  3  4  5  6  7  8  9 10 11 |
---------------+----------------------------------+-----
Fighting       | 3 4 5 6 7 |  7.6
Axes           | 3 4 5 6 8 10 11 | 11.9
Armour         | 4 5 6 8 9 |  9.1
Shields        | 4 5 6 7 9 |  9.1
Invocations    | 1 |  1.9

Action                   |  1- 3 |  4- 6 |  7- 9 | 10-12 || total
-------------------------+-------+-------+-------+-------++-------
Melee: War axe           |    51 |    86 |   109 |       ||   246
       Hand axe          |       |       |   165 |       ||   165
       Broad axe         |       |       |   102 |   211 ||   313
 Abil: Heal Wounds       |     1 |     4 |    22 |     8 ||    35
  Use: Scroll            |       |       |    12 |       ||    12
  Eat: Chunk             |       |       |     8 |     6 ||    14
       Ration            |       |       |     2 |       ||     2
Armor: Scale mail        |    15 |    40 |    57 |       ||   112
       Chain mail        |       |       |   135 |   102 ||   237
Dodge: Dodged            |    10 |    20 |    94 |    63 ||   187
Block: Kite shield       |    31 |    45 |   223 |   145 ||   444

Table legend:
 A = Non-vault XP
 B = Vault XP
 C = Vault XP percentage of total XP
 D = Non-vault monster count
 E = Vault monster count
 F = Vault count percentage of total count
                 A         B        C        D         E       F
            +---------+---------+-------+---------+---------+-------
      Total |    7491 |    4757 |  38.8 |     188 |      44 |  19.0
            +---------+---------+-------+---------+---------+-------
        D:1 |       1 |       0 |   0.0 |       1 |       0 |   0.0
        D:2 |       4 |       0 |   0.0 |       2 |       0 |   0.0
        D:3 |      68 |      43 |  38.7 |      15 |       3 |  16.7
        D:4 |     239 |     173 |  42.0 |       7 |       1 |  12.5
        D:5 |     436 |     316 |  42.0 |      23 |       2 |   8.0
        D:6 |     719 |       0 |   0.0 |      30 |       0 |   0.0
        D:7 |    1485 |     215 |  12.6 |      27 |       1 |   3.6
        D:8 |     646 |    2532 |  79.7 |      25 |      27 |  51.9
        D:9 |    1941 |    1213 |  38.5 |      46 |       8 |  14.8
       D:10 |    1952 |     265 |  12.0 |      12 |       2 |  14.3
            +---------+---------+-------+---------+---------+-------
